 Dungeon Crawl Stone Soup version 0.26-a0-466-g989023bd0d (webtiles) character file.

Game seed: 7421493376195100639

394064 Begoul the Slayer (level 23, -1/250 HPs)
             Began as a Gargoyle Fighter on Aug 13, 2020.
             Was a High Priest of Trog.
             Killed from afar by a fire giant (10 damage)
             ... with a fireball
             ... on level 3 of the Depths on Aug 14, 2020.
             The game lasted 05:18:31 (53052 turns).

Begoul the Slayer (Gargoyle Fighter)               Turns: 53052, Time: 05:18:32

Health: -1/250     AC: 54    Str: 29    XL:     23   Next: 16%
Magic:  14/14      EV:  9    Int:  6    God:    Trog [*****.]
Gold:   1466       SH: 23    Dex: 26    Spells: 22/22 levels left

rFire    + . .     SeeInvis .   d - +9 eveningstar (protect)
rCold    . . .     Faith    .   c - +4 kite shield
rNeg     + . .     Spirit   .   W - +3 plate armour {MR+}
rPois    ∞         Reflect  .   T - +2 helmet
rElec    +         Harm     .   U - +1 cloak
rCorr    .         Clarity  +   N - +0 pair of gloves "Liuch" {*Corrode MR++ MP-9 Dex+8}
MR       +++++                  (no boots)
Stlth    ..........             C - amulet of the Trout {Regen+ Str+4 Int-4 Dex+5}
HPRegen  1.91/turn              E - ring of protection from fire
MPRegen  0.14/turn              (no ring)

@: berserking, corroded, protection aura, flying, very slightly contaminated,
regenerating, very quick
A: big wings, thin metallic scales 2, clarity, negative energy resistance 1,
electricity resistance, unbreathing, petrification resistance, rot immunity, AC
+17
}: 2/15 runes: decaying, gossamer
a: Stop Flying, Berserk, Trog's Hand, Brothers in Arms, Renounce Religion


You were on level 3 of the Depths.
You worshipped Trog.
Trog was extremely pleased with you.
You visited 7 branches of the dungeon, and saw 38 of its levels.
You also visited: Bailey.

You collected 3623 gold pieces.
You spent 2157 gold pieces at shops.

Inventory:

Hand Weapons
 d - a +9 eveningstar of protection (weapon)
 g - a +4 vorpal mace
 Z - the +8 flail "Hacu" {drain, Int+5}
   (You found it on level 2 of the Depths)

   A truly terrible weapon, it drains the life of those it strikes.
   It affects your intelligence (+5).
Armour
 c - a +4 kite shield (worn)
 i - the +6 tower shield of Greed {*Corrode Regen+ Str+4}
   (You took it off Louise on level 4 of the Spider Nest)

   It affects your strength (+4).
   It increases your rate of regeneration.
   It may corrode you when you take damage.
 N - the +0 pair of gloves "Liuch" (worn) {*Corrode MR++ MP-9 Dex+8}
   (You acquired it on level 1 of the Depths)

   It affects your dexterity (+8).
   It affects your resistance to hostile enchantments.
   It affects your magic capacity (-9).
   It may corrode you when you take damage.
 T - a +2 helmet (worn)
 U - a +1 cloak (worn)
 W - a +3 plate armour of magic resistance (worn)
Jewellery
 b - an uncursed ring of protection from magic
 e - a +4 ring of protection
 j - the cursed ring of the Albatross {MR++ Str-5 Int+4 Dex-4 Stlth-, unknown}
   (You found it on level 3 of the Depths)

   [ring of dexterity]

   It affects your strength (-5).
   It affects your intelligence (+4).
   It affects your dexterity (-4).
   It affects your resistance to hostile enchantments.
   It makes you less stealthy.
   It has a curse placed upon it.
 l - an uncursed ring of resist corrosion
 w - a +4 ring of slaying
 x - the ring "Hogh" {rC+ Str+4 Int-3 SInv}
   (You acquired it on level 3 of the Swamp)

   [ring of protection from cold]

   It affects your strength (+4).
   It affects your intelligence (-3).
   It protects you from cold.
   It lets you see invisible.
 z - an uncursed ring of see invisible
 C - the amulet of the Trout (around neck) {Regen+ Str+4 Int-4 Dex+5}
   (You acquired it on level 3 of the Spider Nest)

   [amulet of regeneration]

   It affects your strength (+4).
   It affects your intelligence (-4).
   It affects your dexterity (+5).
   It increases your rate of regeneration.
 E - a ring of protection from fire (left hand)
Wands
 t - a wand of flame (37)
 F - a wand of acid (6)
 R - a wand of digging (4)
 S - a wand of random effects (9)
 V - a wand of enslavement (3)
Scrolls
 a - 2 scrolls of blinking
 f - a scroll of enchant armour
 k - a scroll of holy word {unknown}
 s - 4 scrolls of magic mapping
 u - a scroll of immolation
 y - a scroll of brand weapon
 A - 8 scrolls of teleportation
 D - 23 scrolls of remove curse
 H - 16 scrolls of identify
 K - 2 scrolls of fear
 P - 5 scrolls of fog
Potions
 h - 4 potions of haste
 m - 10 potions of brilliance
 n - 13 potions of curing
 o - 4 potions of magic
 p - 4 potions of berserk rage
 q - 13 potions of stabbing
 v - 2 potions of degeneration
 I - a potion of invisibility
 M - 6 potions of lignification
 O - 6 potions of might
 Y - 13 potions of ambrosia
Miscellaneous
 r - a tin of tremorstones (3/3)
 X - 2 phantom mirrors


   Skills:
 + Level 23.8 Fighting
 - Level 16.0 Maces & Flails
 + Level 20.3 Armour
 - Level 0.1 Dodging
 - Level 2.3 Stealth
 * Level 22.9 Shields


You had 22 spell levels left.
You didn't know any spells.
Your spell library was empty.

Dungeon Overview and Level Annotations

Branches:
Dungeon (15/15)            Temple (0/1) D:5            Lair (6/6) D:9
  Swamp (4/4) Lair:2       Spider (4/4) Lair:4        Slime (0/5) Lair:6
    Orc (2/2) D:11            Elf (0/3) Orc:2        Vaults (4/5) D:14
  Crypt (0/3) Vaults:2     Depths (3/5) D:15         Bailey (visited)

Altars:
Ashenzari
Cheibriados
Dithmenos
Fedhas
Gozag
Nemelex Xobeh
Okawaru
Qazlal
Ru
Sif Muna
Trog
Vehumet
Xom
The Shining One
Beogh
Jiyva

Shops:
D:6 ?   D:8 *?(*   D:11 =   D:14 !   D:15 *   Orc:2 [*:(?   Vaults:3 :(
Depths:3 =

Portals:
Hell: Depths:1 Depths:2 Depths:3
Abyss: Depths:3
Pandemonium: Depths:1 Depths:2 Depths:3
Ziggurat: Depths:3
Trove: D:14 (give +5 demon blade)

Annotations:
D:2 Grinder
D:6 Prince Ribbit
D:11 3 runed translucent doors, xeke's ghost, journeyman TrDe
Lair:2 exclusion: oklob plant
Lair:3 exclusion: oklob plant
Lair:4 exclusion: oklob plant
Depths:2 1 runed translucent door


Innate Abilities, Weirdness & Mutations

You are resistant to torment.
Your stone body is resilient. (AC +17)
You are immune to poison.
Your large and strong wings let you fly indefinitely.
You resist negative energy. (rN+)
You are resistant to electric shocks. (rElec)
You can survive without breathing.
You are immune to petrification.
You are immune to rotting.
You are mostly covered in thin metallic scales. (AC +3)
You possess an exceptional clarity of mind.


Message History

Something smites you!
* * * LOW HITPOINT WARNING * * *
The golden dragon breathes cold at you. The bolt of cold hits you!!!
* * * LOW HITPOINT WARNING * * *
You pound the golden dragon like an anvil!!!
The golden dragon is almost dead.
You barely miss the golden dragon.
The golden dragon is almost dead.
You thump the golden dragon!
You kill the golden dragon!
Trog accepts your kill.
You bludgeon the fire giant!!
The fire giant is moderately wounded.
A glowing orange brain comes into view.
You bludgeon the fire giant!!
The fire giant is heavily wounded.
The fire giant casts a spell at you.
The fireball explodes!
The fireball engulfs you! You resist.
You die...

.######....##++##....#...........
.................................
.####.###########.####...........
.........## #....+...........
..######..## ####.#.......>...
###..##..(.#### #.#.........##
#...##.§§)....## #.#.........#
...##.§§§§.....#####.##'########
..##§.§§≈§≈..(..@....##(#
∩....≈≈≈≈≈§≈..##C###.##.##
..##..≈≈§§§...##H# #...∩.#
...##..§≈≈§...##C######..#
#...##.§≈......CGG....#.....
###..##....###..CJ....+......#
..######..## #####.D.#######.#
.........#####..#.....#.. #
......######...(D.........


You could see a fire giant, a sphinx, a stone giant, a great orb of eyes, 2
ettins, a slime creature and a glowing orange brain.

Vanquished Creatures
  A juggernaut (Depths:2)
  A caustic shrike (Depths:3)
  A golden dragon (Depths:3)
  the Enchantress (D:15)
  Arachne (Spider:2)
  A lich (Depths:2)
  2 tentacled monstrosities (Swamp:3)
  A titan (Depths:2)
  A sphinx (Vaults:2)
  3 thorn hunters
  2 tengu reavers (Depths:2)
  The ghost of bmfx the Spry, an adept DEDe of Vehumet (Swamp:3)
  Donald (Spider:4)
  A storm dragon (Vaults:4)
  3 fire giants
  3 frost giants
  9 vault wardens
  2 ghost moths (Spider:4)
  Louise (Spider:4)
  2 orc warlords
  4 emperor scorpions (Spider:4)
  3 spriggan defenders
  11 ironheart preservers
  13 very ugly things
  11 stone giants
  5 entropy weavers
  A vampire knight (Vaults:2)
  2 deep elf demonologists
  Nessos (D:13)
  Azrael (Spider:2)
  9 spark wasps
  9 fire dragons
  11 ettins
  4 deep elf death magi
  4 yaktaur captains
  A deep elf high priest (Depths:2)
  Josephine (D:10)
  3 great orbs of eyes
  8 vault guards
  An ice dragon (Depths:2)
  2 rakshasas
  A hydra (shapeshifter) (Depths:2)
  11 hydras
  2 ghost crabs
  2 catoblepae
  24 two-headed ogres
  11 centaur warriors
  4 spriggan air magi
  14 alligators
  2 deep troll earth magi
  A shambling mangrove (Swamp:4)
  A death knight (Vaults:3)
  2 deep troll shamans
  3 death yaks (Lair:5)
  8 tengu warriors
  2 spriggan berserkers (Depths:2)
  The ghost of Benoo the Slinger, a journeyman SpHu (D:9)
  8 ogre magi
  Urug (Lair:4)
  10 deep elf knights
  An orc high priest (Orc:2)
  A small abomination (Vaults:4)
  Nergalle (Lair:2)
  2 soul eaters
  4 hell knights (Depths:2)
  5 skeletal warriors (Vaults:2)
  2 iron trolls (Depths:2)
  A salamander mystic (Depths:2)
  A fire crab (Swamp:4)
  2 glowing orange brains
  A lindwurm (Swamp:4)
  3 unseen horrors
  2 spriggan druids (Swamp:3)
  4 flayed ghosts
  5 swamp dragons
  6 deep elf archers
  11 deep trolls
  A wolf spider zombie (D:12)
  9 necromancers
  A phantasmal warrior (Vaults:2)
  6 ironbrand convokers
  17 orb spiders
  The ghost of Yorgos the Slasher, a novice DsGl of Okawaru (D:6)
  5 orc sorcerers
  6 wizards
  27 wolf spiders
  18 orc knights
  5 cyclopes
  7 deep elf magi
  A manticore (D:13)
  2 spectral alligators (Swamp:3)
  31 ugly things
  A salamander (shapeshifter) (Vaults:2)
  3 salamanders (Depths:2)
  3 moths of wrath
  A guardian serpent (shapeshifter) (Vaults:4)
  8 vault sentinels
  A black mamba (Lair:6)
  A centaur zombie (D:13)
  15 elephants
  An eye of devastation (shapeshifter) (Depths:2)
  4 centaur skeletons
  A spectral spriggan (Swamp:3)
  2 torpor snails (Spider:4)
  28 cane toads
  2 gargoyles (D:13)
  A rime drake (Lair:4)
  A rime drake (shapeshifter) (Vaults:2)
  3 komodo dragons
  3 kobold demonologists
  8 freezing wraiths
  24 yaktaurs
  8 demonic crawlers
  2 hellwings (Depths:2)
  5 tengu conjurers
  An entropy weaver simulacrum (Vaults:1)
  26 jumping spiders
  A merfolk (shapeshifter) (Depths:3)
  A red devil (Depths:2)
  8 polar bears
  5 tyrant leeches
  17 hornets
  A meliai (shapeshifter) (Vaults:3)
  A queen bee (Lair:3)
  7 trolls
  A sphinx simulacrum (Vaults:1)
  14 dream sheep
  17 blink frogs
  10 bog bodies
  13 slime creatures
  A meliai zombie (D:13)
  9 hippogriffs
  A tarantella (shapeshifter) (Vaults:2)
  8 wyverns
  19 spriggans
  6 water elementals
  40 redbacks
  6 shadows
  27 yaks
  19 tarantellas
  10 wraiths
  5 fire elementals (Spider:2)
  19 humans (D:14)
  A human simulacrum (Vaults:1)
  5 basilisks
  A yaktaur simulacrum (Vaults:2)
  A human (shapeshifter) (Vaults:1)
  23 vampire mosquitoes
  A steam dragon (Lair:3)
  11 swamp worms
  4 wargs
  20 insubstantial wisps
  A spectral cane toad (Swamp:3)
  14 water moccasins
  2 hell hounds (Spider:2)
  37 orc warriors
  12 porcupines
  2 ettin simulacra
  An eye of draining (D:12)
  22 ogres
  4 sky beasts
  19 swamp drakes
  5 black bears
  A hornet zombie (D:12)
  4 ice beasts
  2 phantoms
  2 necrophages
  28 wolves
  3 boggarts (Lair:6)
  15 centaurs
  12 crocodiles
  2 spriggan simulacra (Swamp:3)
  A big kobold (D:12)
  A tyrant leech simulacrum (Swamp:3)
  Blork the orc (Orc:2)
  10 bullfrogs
  A cane toad simulacrum (Swamp:3)
  A wyvern zombie (D:12)
  A wyvern skeleton (D:9)
  A scorpion (D:12)
  31 killer bees
  13 wights
  3 howler monkeys (D:12)
  3 electric eels
  A bullfrog zombie (D:5)
  2 crimson imps (Depths:3)
  5 hounds
  A lava snake (Swamp:4)
  4 quasits
  22 orc priests
  22 orc wizards
  4 bullfrog skeletons
  10 jellies
  2 iguanas (D:9)
  3 iron imps
  Natasha (thrice) (D:3)
  10 worker ants
  2 killer bee zombies
  A centaur simulacrum (D:9)
  A hound zombie (D:7)
  A worker ant zombie (D:8)
  Robin (D:3)
  4 gnolls
  A howler monkey skeleton (D:6)
  13 adders
  A river rat (Lair:3)
  A shadow imp (D:7)
  9 white imps
  A swamp drake simulacrum (Swamp:3)
  3 oozes
  An adder skeleton (D:6)
  An adder zombie (D:7)
  5 dart slugs
  6 leopard geckos
  86 orcs
  3 bats
  4 giant cockroaches
  13 goblins
  20 hobgoblins
  9 jackals
  4 quokkas
  A ball python (D:2)
  5 frilled lizards
  A jackal zombie (D:6)
  15 kobolds
  2 quokka skeletons
  5 rats
  A briar patch (Swamp:4)
  A butterfly (Lair:4)
  3 fungi
  2 plants
1497 creatures vanquished.

Vanquished Creatures (collateral kills)
  3 spark wasps
  A deep troll earth mage (Depths:1)
  A wizard (Vaults:2)
  An orc knight (Orc:2)
  2 orb spiders (Spider:4)
  A deep elf mage (Vaults:1)
  A wolf spider (Spider:3)
  10 jumping spiders
  5 redbacks
  A tarantella (Spider:4)
  5 orc warriors
  An ice beast (D:9)
  A sky beast (D:9)
  6 wolves (Lair:6)
  A centaur (Vaults:2)
  An orc wizard (Orc:2)
  4 orcs
  2 jackals (D:7)
47 creatures vanquished.

Vanquished Creatures (others)
  Nikola (Vaults:2)
  Asterion (Spider:2)
  A hydra (Swamp:4)
  A deep elf knight (Vaults:3)
  3 swamp dragons (Swamp:4)
  A lindwurm (Swamp:4)
  2 orb spiders
  A vault sentinel (Vaults:2)
  3 jumping spiders
  4 redbacks (Spider:4)
  3 steam dragons (Swamp:4)
  3 swamp drakes (Swamp:4)
  A boggart (Lair:6)
  An orc wizard (D:4)
  3 ball lightnings (Swamp:3)
  2 briar patches (Swamp:4)
  8 fungi
  9 plants
48 creatures vanquished.

Grand Total: 1592 creatures vanquished

Notes
Turn   | Place    | Note
-------+----------+-------------------------------------------
     0 | D:1      | Begoul the Gargoyle Fighter began the quest for the Orb.
     0 | D:1      | Reached XP level 1. HP: 14/14 MP: 1/1
   106 | D:1      | Reached XP level 2. HP: 18/19 MP: 2/2
   301 | D:1      | g
   602 | D:1      | Reached XP level 3. HP: 23/23 MP: 3/3
  1209 | D:2      | Reached XP level 4. HP: 23/29 MP: 4/4
  1893 | D:3      | Noticed Grinder
  1898 | D:3      | Paralysed by Grinder for 4 turns
  2170 | D:3      | Found a shattered altar of Ashenzari.
  2236 | D:3      | Noticed Natasha
  2243 | D:3      | Killed Natasha
  2243 | D:3      | Reached skill level 4 in Fighting
  2243 | D:3      | Reached XP level 5. HP: 27/33 MP: 5/5
  2245 | D:3      | Found a bloodstained altar of Trog.
  2249 | D:3      | Found a radiant altar of Vehumet.
  2257 | D:3      | Became a worshipper of Trog the Wrathful
  2314 | D:3      | Noticed Robin
  2345 | D:3      | Killed Robin
  2357 | D:3      | Noticed Natasha
  2375 | D:3      | Killed Natasha
  2435 | D:3      | Noticed Natasha
  2438 | D:3      | Found a shadowy altar of Dithmenos.
  2454 | D:3      | Killed Natasha
  2534 | D:3      | Found a stormy altar of Qazlal.
  2703 | D:3      | Reached XP level 6. HP: 38/38 MP: 6/6
  2892 | D:4      | Got a transparent dagger
  3180 | D:4      | Reached * piety under Trog
  3838 | D:4      | Reached skill level 5 in Armour
  3838 | D:4      | Reached XP level 7. HP: 41/44 MP: 7/7
  4210 | D:5      | Entered Level 5 of the Dungeon
  4278 | D:5      | Reached skill level 5 in Maces & Flails
  4278 | D:5      | Reached skill level 5 in Shields
  4634 | D:5      | Reached skill level 5 in Fighting
  4833 | D:5      | Found a staircase to the Ecumenical Temple.
  5028 | D:5      | Reached XP level 8. HP: 49/49 MP: 8/8
  5066 | D:4      | Reached ** piety under Trog
  5349 | D:5      | Found a blossoming altar of Fedhas.
  5787 | D:6      | Found Carhyzih's Magic Scroll Boutique.
  5803 | D:6      | Found a sacrificial altar of Ru.
  5819 | D:6      | Reached skill level 6 in Fighting
  5863 | D:6      | Bought a scroll of enchant weapon for 105 gold pieces
  5863 | D:6      | Bought a scroll of remove curse for 42 gold pieces
  5863 | D:6      | Bought 3 scrolls of identify for 84 gold pieces
  6132 | D:6      | Found a runed translucent gate.
  6133 | D:6      | Found a runed translucent gate.
  6134 | D:6      | Found a runed translucent gate.
  6136 | D:6      | Found an iron altar of Okawaru.
  6137 | D:6      | Noticed Yorgos's ghost (novice DsGl)
  6181 | D:6      | Killed Yorgos's ghost
  6181 | D:6      | Reached XP level 9. HP: 56/56 MP: 9/9
  6294 | D:6      | Gained mutation: You are partially covered in thin metallic
                  | scales. (AC +2) [potion of mutation]
  6294 | D:6      | Gained mutation: You possess an exceptional clarity of
                  | mind. [potion of mutation]
  6294 | D:6      | Gained mutation: You are mostly covered in thin metallic
                  | scales. (AC +3) [potion of mutation]
  6439 | D:6      | Found a glowing golden altar of the Shining One.
  6977 | D:6      | Noticed Prince Ribbit
  7466 | D:7      | Reached skill level 7 in Fighting
  7577 | D:7      | Reached *** piety under Trog
  7705 | D:7      | Found an opulent altar of Gozag.
  7841 | D:8      | Noticed a two-headed ogre
  7864 | D:8      | Killed a two-headed ogre
  7864 | D:8      | Reached XP level 10. HP: 46/63 MP: 10/10
  7934 | D:8      | Found Rodgh's Weapon Shoppe.
  7986 | D:8      | Found Cuugakh's Magic Scroll Shop.
  8101 | D:8      | Found a snail-covered altar of Cheibriados.
  8108 | D:8      | Bought a scroll of blinking for 90 gold pieces
  8183 | D:8      | Found Hirod's Assorted Antiques.
  8205 | D:8      | Bought a scroll of remove curse for 87 gold pieces
  8650 | D:8      | Found Abockam's General Store.
  8655 | D:8      | Bought a scroll of identify for 26 gold pieces
  8960 | D:9      | You fall into a shaft and drop 2 floors!
  9001 | D:11     | Found a runed translucent gate.
  9001 | D:11     | Found a runed translucent gate.
  9001 | D:11     | Found a runed translucent gate.
  9002 | D:11     | Noticed a kobold demonologist
  9002 | D:11     | Noticed xeke's ghost (journeyman TrDe)
  9007 | D:11     | Reached skill level 8 in Fighting
  9057 | D:11     | Found Vubereh's Jewellery Shop.
  9086 | D:10     | Entered Level 10 of the Dungeon
  9140 | D:10     | Noticed Josephine
  9152 | D:10     | Killed Josephine
  9152 | D:10     | Reached skill level 10 in Maces & Flails
  9667 | D:10     | Found a flagged portal.
  9674 | D:10     | Reached XP level 11. HP: 61/69 MP: 11/11
  9686 | Bailey   | Entered a bailey
  9774 | Bailey   | Noticed an orc knight
  9816 | Bailey   | Killed an orc knight
  9819 | Bailey   | Reached **** piety under Trog
 10169 | D:10     | Reached skill level 9 in Fighting
 10180 | D:10     | Noticed a cyclops
 10195 | D:10     | Killed a cyclops
 10325 | D:9      | Noticed a two-headed ogre
 10344 | D:9      | Killed a two-headed ogre
 10366 | D:9      | Noticed Benoo's ghost (journeyman SpHu)
 10379 | D:9      | Found a runed translucent gate.
 10379 | D:9      | Found a runed translucent gate.
 10379 | D:9      | Found a runed translucent gate.
 10912 | D:9      | Found a shimmering altar of Xom.
 10914 | D:9      | Noticed a deep elf mage
 10914 | D:9      | Noticed a centaur warrior
 10916 | D:9      | Found a transporter.
 10916 | D:9      | Noticed an unseen horror
 10943 | D:9      | Found a transporter.
 10971 | D:9      | Killed a deep elf mage
 10976 | D:9      | Killed an unseen horror
 10980 | D:9      | Killed a centaur warrior
 11135 | D:9      | Killed Benoo's ghost
 11195 | D:9      | Found a shimmering blue altar of Sif Muna.
 11205 | D:9      | Found a sparkling altar of Nemelex Xobeh.
 11302 | D:9      | Identified a scroll of acquirement
 11305 | D:9      | Acquired a manual of Shields
 11424 | D:9      | Found a staircase to the Lair.
 11982 | D:11     | Noticed a cyclops
 11987 | D:11     | Killed a cyclops
 11987 | D:11     | Reached skill level 10 in Armour
 11987 | D:11     | Reached skill level 10 in Shields
 12300 | Lair:1   | Entered Level 1 of the Lair of Beasts
 12347 | Lair:1   | Reached XP level 12. HP: 77/77 MP: 12/12
 12402 | Lair:1   | Noticed an eight-headed hydra
 12413 | Lair:1   | Killed an eight-headed hydra
 12413 | Lair:1   | Reached skill level 10 in Fighting
 14148 | Lair:2   | Noticed Nergalle
 14178 | Lair:2   | Killed Nergalle
 14782 | Lair:2   | Found a staircase to the Swamp.
 14795 | Swamp:1  | Entered Level 1 of the Swamp
 14925 | Swamp:1  | Noticed an alligator
 14951 | Lair:2   | Killed an alligator
 15275 | Lair:3   | Reached ***** piety under Trog
 15550 | Lair:3   | Reached XP level 13. HP: 77/84 MP: 13/13
 15588 | Lair:3   | Reached skill level 11 in Fighting
 16083 | Lair:3   | Received a gift from Trog
 16740 | Lair:4   | Found a hole to the Spider Nest.
 16799 | Lair:4   | Noticed Urug
 16810 | Lair:4   | Killed Urug
 17933 | Lair:5   | You fall into a shaft and drop 1 floor!
 17933 | Lair:6   | Entered Level 6 of the Lair of Beasts
 18014 | Lair:6   | Reached skill level 12 in Fighting
 18014 | Lair:6   | Gained mutation: Your large and strong wings let you fly
                  | indefinitely. [Gargoyle growth]
 18014 | Lair:6   | Reached XP level 14. HP: 89/92 MP: 14/14
 18252 | Lair:6   | Received a gift from Trog
 18416 | Lair:6   | Got a heavily runed ring mail
 18427 | Lair:6   | Identified the +0 ring mail of Refuge {rN+ Str+6} (You
                  | found it on level 6 of the Lair of Beasts)
 18445 | Lair:6   | Reached skill level 15 in Maces & Flails
 18652 | Lair:6   | Found a runed translucent door.
 18652 | Lair:6   | Found a viscous altar of Jiyva.
 18653 | Lair:6   | Found a staircase to the Slime Pits.
 18980 | Lair:6   | Got a fine flail
 19841 | Lair:5   | Reached skill level 15 in Shields
 19975 | Lair:5   | Got a coiled amber ring
 20029 | Lair:5   | Found a sacrificial altar of Ru.
 20518 | D:11     | Found a staircase to the Orcish Mines.
 20578 | Orc:1    | Entered Level 1 of the Orcish Mines
 20776 | Orc:2    | Entered Level 2 of the Orcish Mines
 21064 | Orc:2    | Noticed an orc warlord
 21071 | Orc:2    | Paralysed by an orc sorcerer for 5 turns
 21472 | Orc:2    | Found a roughly hewn altar of Beogh.
 21482 | Orc:2    | Reached ****** piety under Trog
 21596 | Orc:2    | Reached XP level 15. HP: 97/97 MP: 15/15
 21599 | Orc:2    | Reached skill level 13 in Fighting
 21894 | Orc:2    | Killed an orc warlord
 21999 | Orc:2    | Noticed Blork the orc
 22211 | Orc:2    | Killed Blork the orc
 22214 | Orc:2    | Paralysed by an orc sorcerer for 2 turns
 22236 | Orc:2    | Found a roughly hewn altar of Beogh.
 22237 | Orc:2    | Noticed an orc warlord
 22277 | Orc:1    | Killed an orc warlord
 22654 | Orc:2    | Received a gift from Trog
 22701 | Orc:2    | Found Ponoideg's Antique Weapon Shop.
 22717 | Orc:2    | Found Miramn's Book Shop.
 22736 | Orc:2    | Found Ulalanaof's General Store.
 22744 | Orc:2    | Bought a potion of heal wounds for 65 gold pieces
 22761 | Orc:2    | Bought a glowing flail for 130 gold pieces
 22761 | Orc:2    | Bought a glowing morningstar for 140 gold pieces
 22775 | Orc:2    | Found Jaucvizo's Antique Armour Shop.
 22783 | Orc:2    | Bought a shiny chain mail for 225 gold pieces
 22783 | Orc:2    | Bought a runed plate armour for 780 gold pieces
 23031 | Orc:2    | Found Giaxzear's Magic Scroll Boutique.
 23039 | Orc:2    | Bought a scroll of identify for 32 gold pieces
 23039 | Orc:2    | Bought a scroll of identify for 32 gold pieces
 23039 | Orc:2    | Bought a scroll of blinking for 120 gold pieces
 23039 | Orc:2    | Bought a scroll of identify for 32 gold pieces
 23039 | Orc:2    | Bought a scroll of identify for 32 gold pieces
 23123 | Orc:2    | Found a staircase to the Elven Halls.
 23159 | Orc:2    | Found a roughly hewn altar of Beogh.
 23580 | D:12     | Reached skill level 1 in Stealth
 24710 | D:13     | Noticed Nessos
 24715 | D:13     | Killed Nessos
 25521 | D:14     | Found a portal to a secret trove of treasure.
 25556 | D:14     | Found a gate leading to a gauntlet.
 25683 | D:14     | Received a gift from Trog
 25891 | D:14     | Reached skill level 14 in Fighting
 25937 | D:14     | Found a gate to the Vaults.
 26004 | D:14     | Identified the ring "Ystroreisy" {+Blink +Fly rElec rPois
                  | Stlth-} (You found it on level 5 of the Lair of Beasts)
 26507 | D:14     | Found Joze's Distillery.
 26512 | D:14     | Bought a potion of heal wounds for 75 gold pieces
 26512 | D:14     | Bought a potion of might for 60 gold pieces
 26628 | D:15     | Entered Level 15 of the Dungeon
 26776 | D:15     | Reached XP level 16. HP: 106/106 MP: 16/16
 26858 | D:15     | Found a staircase to the Depths.
 27469 | D:15     | Found Jipnagh's Assorted Antiques.
 28157 | Swamp:1  | Reached skill level 15 in Armour
 28222 | Swamp:1  | Received a gift from Trog
 28524 | Swamp:1  | Reached skill level 15 in Fighting
 29420 | Swamp:2  | Noticed a thorn hunter
 29452 | Swamp:2  | Killed a thorn hunter
 30698 | Swamp:3  | Received a gift from Trog
 30762 | Swamp:3  | Acquired the ring "Hogh" {rC+ Str+4 Int-3 SInv}
 30918 | Swamp:3  | Found a runed translucent gate.
 30932 | Swamp:3  | Found a runed translucent gate.
 30933 | Swamp:3  | Found a runed translucent gate.
 31169 | Swamp:3  | Noticed a thorn hunter
 31188 | Swamp:3  | Killed a thorn hunter
 31307 | Swamp:3  | Noticed a tentacled monstrosity
 31320 | Swamp:3  | Killed a tentacled monstrosity
 31535 | Swamp:3  | Noticed a tentacled monstrosity
 31562 | Swamp:3  | Killed a tentacled monstrosity
 31562 | Swamp:3  | Reached skill level 16 in Fighting
 31562 | Swamp:3  | Reached XP level 17. HP: 112/115 MP: 15/17
 31581 | Swamp:3  | Got a faintly glowing brass amulet
 31583 | Swamp:3  | Identified the amulet "Meffyur" {Reflect MR+ SH+5} (You
                  | found it on level 3 of the Swamp)
 31704 | Swamp:3  | Noticed bmfx's ghost (adept DEDe)
 31800 | Swamp:3  | Killed bmfx's ghost
 32098 | Swamp:3  | Identified the Catalogue of Dark Secrets and Dislocation
 32125 | Swamp:4  | Entered Level 4 of the Swamp
 32382 | Swamp:4  | Reached skill level 17 in Fighting
 33513 | Swamp:4  | Received a gift from Trog
 34029 | Swamp:4  | Got a decaying rune of Zot
 34433 | Spider:1 | Entered Level 1 of the Spider Nest
 35415 | Spider:2 | Reached skill level 18 in Fighting
 35554 | Spider:2 | Noticed Asterion
 35556 | Spider:2 | Noticed an Executioner
 35570 | Spider:2 | Noticed an Executioner
 35584 | Spider:2 | Killed Asterion
 36011 | Spider:2 | Noticed Azrael
 36030 | Spider:2 | Killed Azrael
 36310 | Spider:2 | Noticed Arachne
 36337 | Spider:2 | Killed Arachne
 36986 | Spider:3 | Received a gift from Trog
 37022 | Spider:3 | Reached skill level 19 in Fighting
 37213 | Spider:3 | Acquired the amulet of the Trout {Regen+ Str+4 Int-4 Dex+5}
 37454 | Spider:3 | Reached XP level 18. HP: 125/128 MP: 18/18
 37508 | Spider:4 | Entered Level 4 of the Spider Nest
 38084 | Spider:4 | Identified the +6 tower shield of Greed {*Corrode Regen+
                  | Str+4}
 38084 | Spider:4 | Noticed Louise
 38108 | Spider:4 | Killed Louise
 38111 | Spider:4 | Noticed Donald
 38139 | Spider:4 | Killed Donald
 38621 | Spider:4 | Received a gift from Trog
 39398 | Spider:4 | Reached skill level 20 in Fighting
 39769 | Spider:4 | Got a gossamer rune of Zot
 40492 | Vaults:1 | Entered Level 1 of the Vaults
 40841 | Vaults:1 | Received a gift from Trog
 41407 | Vaults:2 | Reached XP level 19. HP: 72/136 MP: 19/19
 41952 | Vaults:2 | Found a staircase to the Crypt.
 42146 | Vaults:2 | Reached skill level 21 in Fighting
 42465 | Vaults:2 | Noticed a Brimstone Fiend
 42483 | Vaults:2 | Received a gift from Trog
 42994 | Vaults:2 | Noticed Nikola
 43006 | Vaults:2 | Killed Nikola
 43802 | Vaults:3 | Found Haryefo's Weapon Shoppe.
 43813 | Vaults:3 | Found Ziunexat's Book Shoppe.
 44546 | Vaults:3 | Reached XP level 20. HP: 144/145 MP: 20/20
 44551 | Vaults:3 | Received a gift from Trog
 44605 | Vaults:3 | Reached skill level 22 in Fighting
 44632 | Vaults:3 | You fall into a shaft and drop 1 floor!
 45294 | Vaults:4 | Found the +8 frozen axe "Frostbite" {freezing cloud, *Noise
                  | +Fly rC+}
 46202 | Vaults:4 | Received a gift from Trog
 46270 | Vaults:4 | Noticed a Brimstone Fiend
 46893 | Depths:1 | Entered Level 1 of the Depths
 47708 | Depths:1 | Received a gift from Trog
 47722 | Depths:1 | Reached skill level 23 in Fighting
 48032 | Depths:1 | Noticed the Enchantress
 48072 | D:15     | Killed the Enchantress
 48083 | D:15     | Reached XP level 21. HP: 78/153 MP: 21/21
 48948 | Depths:1 | Lost intelligence.
 49010 | Depths:1 | Found a gateway to Hell.
 49709 | Depths:1 | Found a one-way gate leading to the halls of Pandemonium.
 49813 | Depths:1 | Acquired the +0 pair of gloves "Liuch" {*Corrode MR++ MP-9
                  | Dex+8}
 50037 | Depths:2 | Received a gift from Trog
 51676 | Depths:2 | Found a runed translucent door.
 51677 | Depths:2 | Found a runed translucent door.
 51689 | Depths:2 | Noticed a juggernaut
 51722 | Depths:2 | Killed a juggernaut
 52038 | Depths:2 | Got an ichor-stained flail
 52049 | Depths:2 | Identified the +8 flail "Hacu" {drain, Int+5} (You found it
                  | on level 2 of the Depths)
 52091 | Depths:2 | Reached XP level 22. HP: 161/161 MP: 13/22
 52141 | Depths:3 | Found Moskukk's Jewellery Shop.
 52375 | Depths:3 | Received a gift from Trog
 52558 | Depths:3 | Got a scorched bone ring
 52569 | Depths:3 | Found a one-way gate to the infinite horrors of the Abyss.
 52598 | Depths:3 | Reached XP level 23. HP: 164/166 MP: 14/23
 52847 | Depths:3 | Found a gateway to a ziggurat.
 52997 | Depths:3 | Noticed a golden dragon
 53002 | Depths:3 | Noticed a caustic shrike
 53014 | Depths:3 | Noticed a golden dragon
 53029 | Depths:3 | Killed a caustic shrike
 53047 | Depths:3 | HP: 4/250 [golden dragon/bolt of cold (47)]
 53050 | Depths:3 | Killed a golden dragon
 53052 | Depths:3 | Killed from afar by a fire giant

Illustrated notes

#.#.# #.# #.# #.# #######.#.#
#.# #.# #.## ..........#
#.#####.########...
.######.#####.................#
#.............#..........
################.#####.## ##.##
#.# #################...# #.#
........((@.......#.......
...##.###########...####.# ..
##.## #.# ## .# .. ### ###.#
#...# #.#.##


Turn 301 on D:1: g

Levels and vault maps discovered:
D:1:      dpeg_arrival_simpleton_c, layout_loops_ring
D:2:      layout_loops_ring
D:3:      layout_rooms, nicolae_ashenzari_panopticon, lemuel_crystal_altar,
          chequers_temple_overflow_statue_of_worship,
          nicolae_qazlal_eye_of_the_storm, uniq_grinder, uniq_natasha,
          uniq_robin
D:4:      layout_loops_corners, minmay_misc_feat_x
D:5:      layout_cave_pools, nicolae_overflow_hidden_temple,
          minmay_temple_entry_statues_pillars
D:6:      layout_basic, marbit_many_paths, kennysheep_mini_moat,
          okawaru_metal_pillars_3, serial_shops, shop,
          gammafunk_ghost_necromancy, uniq_prince_ribbit1
D:7:      layout_cave_pools, lemuel_coloured_pillars_altar,
          minmay_crystal_water, chequers_serial_rivers_room_a
D:8:      layout_cave_pools, serial_shops, shop, kennysheep_little_box,
          nicolae_shop_waterfront, shop, minmay_misc_feat_cross,
          chequers_avenue, cheibriados_altar_1
D:9:      layout_roguey, lemuel_crystal_altar,
          nemelex_xobeh_ov_fountains_minmay, gammafunk_temple_overflow_arena,
          david_lair_shrubbed, gammafunk_ghost_icy
D:10:     layout_cave_pools, enter_bailey_2, uniq_josephine
D:11:     layout_long_grid, orc_0_dummy, gammafunk_ghost_nasty_kobolds,
          serial_shops, shop, lemuel_flamethrower_2
D:12:     layout_small_grid
D:13:     layout_basic, uniq_nessos
D:14:     layout_irregular_city, grunt_vaults_entry_tiered, serial_shops, shop,
          glass_columns_a, enter_trove_2, gauntlet_entry_generic
D:15:     hangedman_depths_entry_civil_slaughter, layout_basic, serial_shops,
          shop, minmay_misc_feat_room, minmay_between
Lair:1:   layout_long_grid, gammafunk_lair_bear_cave, lemuel_fruit_tree,
          grunt_megastairs_3, lemuel_fruit_fields
Lair:2:   layout_cave_pods, nicolae_swamp_entry_splash_gauntlet, uniq_nergalle
Lair:3:   regret_index_bee_streams, layout_regular_city, beast_lair_carwin_3
Lair:4:   layout_small_grid, dummy_spider_entry, serial_bayou_shore_a,
          infiniplex_staircase_pool, lemuel_fruit_fields, uniq_urug
Lair:5:   layout_misc_corridors, basic_altar, beast_lair_carwin_2
Lair:6:   minmay_lair_end_enchanted_forest, layout_cave_pods, slime_altar_2
Swamp:1:  layout_falls_marsh, serial_swamp_ruin, evilmike_swamp_ruin_house_1,
          evilmike_swamp_ruin_house_6
Swamp:2:  layout_basic_swamp, evilmike_swamp_ruin_rubble_2, swamp_pool1
Swamp:3:  cheibrodos_swamp_monstrosity, layout_basic_swamp,
          gammafunk_ghost_necromancy, evilmike_swamp_ruin_rubble_1
Swamp:4:  swamp_fiery, layout_basic_swamp
Spider:1: layout_spider_delve, drop_trap
Spider:2: layout_spider_delve, uniq_arachne, uniq_azrael, uniq_asterion
Spider:3: layout_spider_delve, drop_trap, hangedman_spider_mandibles
Spider:4: grunt_spider_rune_parallel, ebering_ghost_disaster_area, uniq_louise,
          uniq_donald
Orc:1:    orc_temple, layout_caves, basic_altar
Orc:2:    grunt_orc_cross, layout_caves, serial_shops, shop, basic_altar,
          nicolae_orc_stony_grotto, mines2_david
Vaults:1: v_rooms_3, ontoclasm_vaults_decontamination, nicolae_vaults_big_ls,
          vaults_mumra_lcd, ontoclasm_vaults_ligature, ontoclasm_vaults_tryst,
          nicolae_vaults_ring_of_whatevers, v_pattern_2,
          nicolae_vaults_alarming, v_misc_15, vaults_room_door_ring, v_misc_10,
          vaults_mumra_hex, layout_vaults_omnibox
Vaults:2: vaults_mumra_bighexcomb, v_misc_31, hangedman_vaults_corner,
          nicolae_vaults_ring_of_whatevers, minmay_crypt_entry_simple_sparse,
          ontoclasm_vaults_shuriken, hangedman_vaults_trim,
          vaults_room_door_hall, layout_vaults_chaotic_city, uniq_nikola
Vaults:3: v_pattern_3, hangedman_vaults_locks, nicolae_vaults_sealed_display,
          ontoclasm_vaults_loading_screen, hangedman_vaults_impose, v_misc_8,
          vaults_dpeg_hooks, vaults_dpeg_doors, nicolae_vaults_network_s,
          nicolae_vaults_little_squares_6, v_misc_28, ontoclasm_vaults_chip,
          v_misc_15, layout_vaults_maze, serial_shops, shop, shop, shop
Vaults:4: vaults_standard_mumra_x, v_misc_13, ontoclasm_vaults_loading_screen,
          dpeg_vaults_monster_row, ontoclasm_vaults_echo,
          nicolae_vaults_border_crossing, nicolae_vaults_big_angled_halls,
          nicolae_vaults_windows_and_doors_thing, grunt_vaults_twisty,
          nicolae_vaults_little_squares_6, ontoclasm_vaults_twist,
          nicolae_vaults_little_squares_2, layout_vaults_omnicross
Depths:1: layout_twisted_cross, grunt_pan_entry_in_and_out,
          grunt_hell_entry_dis_grunt, hangedman_decor_riveting, fountainhead,
          dk_noncrumbling_3, grunt_ministairs_9, minmay_variable_closet,
          uniq_enchantress
Depths:2: minmay_the_grid_triangle_9x9_line_8_mashed
          [minmay_the_grid_triangle_9x9_limited_checkers,
          minmay_the_grid_triangle_9x9_wacky_v,
          minmay_the_grid_triangle_9x9_flanged_cone,
          minmay_the_grid_triangle_9x9_minimal,
          minmay_the_grid_triangle_9x9_windchime,
          minmay_the_grid_triangle_9x9_longest,
          minmay_the_grid_triangle_9x9_tough_junction,
          minmay_the_grid_triangle_9x9_prize_insulated], layout_gridlike,
          serial_glass, glass_columns_a, glass_columns_a, glass_columns_b,
          glass_columns_b, pan_entry, hellmouth_1, infiniplex_staircase_x
Depths:3: cheibrodos_salmonella, layout_gridlike, enter_ziggurat_d,
          serial_shops, shop, abyss_entry_small_statue_room,
          pf_dread_powers_of_hell, rand_demon_pan_entry_5, serial_bayou_shore_b,
          infiniplex_staircase_door_maze, uniq_mennas

Skill      XL: |  1  2  3  4  5  6  7  8  9 10 11 12 13 14 15 16 17 18 19 20 21 |
---------------+----------------------------------------------------------------+-----
Armour         | 4 5 6 7 8 10 11 12 13 14 16 17 18 19 20 | 20.3
Maces & Flails | 3 4 5 7 8 10 11 13 14 15 16 | 16.0
Fighting       | 4 5 6 7 8 9 10 12 14 16 19 20 21 23 | 23.8
Shields        | 4 5 6 7 8 10 12 13 15 16 18 19 20 21 22 | 22.9
Stealth        | 2 |  2.3
Dodging        | |  0.1

Action                   |  1- 3 |  4- 6 |  7- 9 | 10-12 | 13-15 | 16-18 | 19-21 | 22-24 || total
-------------------------+-------+-------+-------+-------+-------+-------+-------+-------++-------
Melee: Flail             |   132 |   219 |   426 |   876 |   118 |       |       |    76 ||  1847
       Eveningstar       |       |       |       |       |  1244 |  1609 |  1778 |   112 ||  4743
       Mace              |       |       |       |       |       |   172 |       |       ||   172
Throw: Dart              |       |       |     1 |       |       |       |       |       ||     1
Invok: Berserk           |       |       |     5 |     4 |     5 |     7 |     2 |     1 ||    24
       Trog's Hand       |       |       |     1 |     3 |     1 |     2 |     3 |     1 ||    11
       Brothers in Arms  |       |       |       |     2 |     2 |     5 |     3 |     1 ||    13
 Abil: Fly               |       |       |       |       |       |     1 |     1 |       ||     2
       Stop Flying       |       |       |       |       |       |       |     1 |       ||     1
Evoke: Wand              |       |     3 |     2 |    11 |     6 |     5 |       |     1 ||    28
       Phantom mirror    |       |       |       |     2 |       |     1 |       |       ||     3
  Use: Scroll            |       |     3 |    15 |    21 |    14 |    13 |    12 |     1 ||    79
       Potion            |       |     2 |     6 |     7 |     4 |     4 |     3 |     2 ||    28
 Stab: Confused          |       |       |       |       |       |     2 |       |       ||     2
Armor: Scale mail        |    67 |   121 |   235 |   449 |    73 |       |       |       ||   945
       Chain mail        |       |       |       |       |   223 |       |       |       ||   223
       Ring mail         |       |       |       |       |    58 |       |       |       ||    58
       Plate armour      |       |       |       |       |   138 |  1444 |   823 |    67 ||  2472
       Fire dragon scale |       |       |       |       |       |     2 |       |       ||     2
Dodge: Dodged            |    36 |    55 |   135 |   335 |   265 |   515 |   308 |    25 ||  1674
Block: Kite shield       |    64 |   109 |   257 |   680 |  1038 |  2136 |  1548 |   129 ||  5961

Table legend: (Time is in decaauts)
 A = Elapsed time spent in this place.
 B = Non-inter-level travel time spent in this place.
 C = Inter-level travel time spent in this place.
 D = Time resting spent in this place.
 E = Time spent auto-exploring this place.
 F = Levels seen in this place.
 G = Mean time per level.
                   A        B        C        D        E       F      G
               +--------+--------+--------+--------+--------+-----+--------+
         Total |  51904 |  49769 |   2135 |  15056 |  14391 |  39 | 1330.9 |
       Dungeon |  18677 |  17664 |   1013 |   4667 |   4431 |  15 | 1245.1 |
          Lair |   8165 |   7605 |    560 |   1334 |   3096 |   6 | 1360.8 |
         Swamp |   6115 |   6013 |    102 |   2550 |   1807 |   4 | 1528.8 |
   Spider Nest |   5579 |   5443 |    136 |   2396 |    958 |   4 | 1394.8 |
  Orcish Mines |   2707 |   2649 |     58 |   1231 |    501 |   2 | 1353.5 |
        Vaults |   5991 |   5798 |    193 |   1709 |   1852 |   4 | 1497.8 |
        Depths |   4455 |   4385 |     70 |   1166 |   1745 |   3 | 1485.0 |
        Bailey |    211 |    211 |      0 |      0 |      0 |   1 |  211.0 |
               +--------+--------+--------+--------+--------+-----+--------+

Top non-repeatable levels by time:
    D:15: 2712 daAuts
Spider:2: 2243 daAuts
 Swamp:4: 2129 daAuts
Depths:2: 2076 daAuts
Vaults:2: 2038 daAuts
  Lair:2: 1976 daAuts
Vaults:4: 1951 daAuts
Spider:4: 1777 daAuts
     D:9: 1751 daAuts
     D:6: 1571 daAuts
  Lair:6: 1554 daAuts
Depths:1: 1510 daAuts
  Lair:3: 1495 daAuts
     D:4: 1471 daAuts
 Swamp:3: 1402 daAuts
